 Dungeon Sprint DCSS version 0.20-a0-1121-gbb42413 (webtiles) character file.

35006 potatolord6000 the Executioner (level 13, -12/140 HPs)
             Began as a Hill Orc Fighter on May 10, 2017.
             Was an Initiate of Gozag.
             Mangled by an orc knight
             ... wielding a +0 battleaxe
              (44 damage)
             ... in the Dungeon (Sprint VII: "The Pits").
             The game lasted 00:16:42 (2026 turns).

potatolord6000 the Executioner (Hill Orc Fighter)   Turns: 2026, Time: 00:16:43

Health: -12/140    AC: 21    Str: 33    XL:     13   Next: 81%
Magic:  0/18       EV: 30    Int: 12    God:    Gozag
Gold:   354        SH: 21    Dex: 15    Spells: 12/12 levels left

rFire    + . .     SeeInvis +   b - +7 war axe of Evisceration {speed, Str+4 Int+4}
rCold    + . .     Gourm    .   c - +4 shield
rNeg     . . .     Faith    .   A - +4 moon troll leather armour {Spirit, Regen++ MP+5}
rPois    +         Spirit   +   z - +1 hat {SInv}
rElec    +         Reflect  .   r - +1 cloak {MR+}
rCorr    +         Harm     .   x - +2 pair of gloves {archery}
MR       ++...     NoTele   +   u - +0 pair of boots
Stlth    ++........             (no amulet)
Regen    1.2/turn               h - +3 ring of evasion
MPRegen  0.2/turn               F - ring of Phasing {EV+8}

@: mighty, agile, resistant, gold aura
A: magic resistance 1, sturdy frame 1
a: Potion Petition, Call Merchant, Bribe Branch, Renounce Religion


You were in the Dungeon.
You worshipped Gozag.
Gozag was aware of your devotion.
You were not hungry.

You visited 1 branch You collected 10281 gold pieces.
You spent 4604 gold pieces at shops.
You paid 5323 gold pieces to Gozag.

Inventory:

Hand Weapons
 b - the +7 war axe of Evisceration (weapon) {speed, Str+4 Int+4}
   (You bought it in a shop in the Dungeon)

   Attacks with this weapon are significantly faster.
   It affects your strength (+4).
   It affects your intelligence (+4).
Armour
 c - a +4 shield (worn)
 r - a +1 cloak of magic resistance (worn)
 u - a +0 pair of boots (worn)
 x - a +2 pair of gloves of archery (worn)
 z - a +1 hat of see invisible (worn)
 A - the +4 moon troll leather armour (worn) {Spirit, Regen++ MP+5}
   (You bought it in a shop in the Dungeon)

   It affects your magic capacity (+5).
   It increases your rate of regeneration.
Jewellery
 h - a +3 ring of evasion (left hand)
 F - the ring of Phasing (right hand) {EV+8}
   (You bought it in a shop in the Dungeon)

   [ring of evasion]

   It affects your evasion (+8).
Scrolls
 g - 2 scrolls of fear
 k - a scroll of blinking
 m - 4 scrolls of remove curse
 n - 5 scrolls of amnesia
 o - a scroll of summoning
 t - a scroll of recharging
 y - 6 scrolls of identify
Potions
 e - 5 potions of curing
 i - 4 potions of magic
 j - 2 potions of berserk rage
 l - 2 potions of invisibility
 w - 2 potions of brilliance
 B - a potion of flight
 C - a potion of resistance
Comestibles
 f - 8 bread rations
 p - 40 fruits
 q - 5 meat rations
 D - a royal jelly


   Skills:
 + Level 20.4 Fighting
 + Level 21.8 Axes
 + Level 19.0 Armour
 + Level 3.7 Dodging
 + Level 19.1 Shields


You had 12 spell levels left.
You didn't know any spells.

Dungeon Overview and Level Annotations

Branches:
Dungeon (1/1)

Altars:
Ashenzari
Cheibriados
Dithmenos
Elyvilon
Fedhas
Gozag
Hepliaklqana
Kikubaaqudgha
Makhleb
Nemelex Xobeh
Okawaru
Qazlal
Ru
Sif Muna
Trog
Uskayaw
Vehumet
Wu Jian
Xom
Yredelemnul
Zin
The Shining One
Beogh
Jiyva
Lugonu

Shops:
D [?[=(

Annotations:
D Aizul


Innate Abilities, Weirdness & Mutations

You are resistant to hostile enchantments. (MR+)
Your movements are slightly less encumbered by armour. (ER -2)


Message History

You block the orc knight's attack.
The orc warlord hits you from afar with a vampiric glaive!
* * * LOW HITPOINT WARNING * * *
Aizul completely misses you.
Unknown command.
You barely miss Aizul.
Aizul is heavily wounded.
You hit the orc knight but do no damage.
You closely miss the orc knight. You slash the orc knight!
You block the orc knight's attack.
Unknown command.
You slash Aizul!
Aizul is heavily wounded.
You slash the orc knight! You closely miss the orc knight.
You slice the orc knight!!
You kill the orc knight!
The orc knight completely misses you.
The orc knight hits you with a battleaxe!!!
You die...
Your body crumbles into a pile of gold.

$ $
+###############################+
..........................∩......
....................[............
.##############o$##############..
.# #..$@$.# #). .# #..So$.# #..
.# #...oo.# #.. .# ###..### #..
.# .... #.. )# ..... #.. (# #....
#.. (# #....# #.. .# #..


You could see Aizul, an orc warlord and 3 orc knights.

Vanquished Creatures
  2 death cobs (D)
  An orc warlord (D)
  2 emperor scorpions (D)
  A vampire knight (D)
  A deep elf death mage (D)
  2 vault guards (D)
  A rakshasa (D)
  Harold (D)
  Erica (D)
  A two-headed ogre (D)
  2 death yaks (D)
  An orc high priest (D)
  A shadow wraith (D)
  A fire crab (D)
  An unseen horror (D)
  A deep troll (D)
  3 harpies (D)
  A lindwurm (D)
  7 orc knights (D)
  An orc sorcerer (D)
  2 deep elf magi (D)
  A wolf spider (D)
  A cyclops (D)
  An orange demon (D)
  3 guardian serpents (D)
  5 elephants (D)
  A spiny frog (D)
  A spiny frog (shapeshifter) (D)
  An efreet (D)
  A freezing wraith (D)
  A demonic crawler (D)
  4 jumping spiders (D)
  A polar bear (D)
  2 hornets (D)
  A snapping turtle (D)
  4 blink frogs (D)
  A tyrant leech (D)
  An air elemental (D)
  8 redbacks (D)
  2 spriggans (D)
  A wyvern (D)
  Eustachio (D)
  2 wraiths (D)
  A fire bat (D)
  A warg (D)
  4 vampire mosquitoes (D)
  A soldier ant (D)
  3 floating eyes (D)
  A porcupine (D)
  A swamp drake (D)
  2 orc warriors (D)
  An ogre (D)
  An eye of draining (D)
  2 necrophages (D)
  4 wolves (D)
  A gnoll sergeant (D)
  2 scorpions (D)
  5 wights (D)
  A crimson imp (D)
  4 orc priests (D)
  2 iron imps (D)
  A jelly (D)
  A hell rat (D)
  2 orc wizards (D)
  4 mummies (D)
  5 gnolls (D)
  2 white imps (D)
  An ufetubus (D)
  2 oozes (D)
  An adder zombie (D)
  9 orcs (D)
  2 giant cockroaches (D)
  A goblin (D)
  A hobgoblin (D)
  A jackal (D)
  A ball python (D)
  A giant cockroach zombie (D)
  3 rats (D)
153 creatures vanquished.

Vanquished Creatures (others)
  A golden dragon (D)
  An acid blob (D)
  A necromancer (D)
3 creatures vanquished.

Grand Total: 156 creatures vanquished

Notes
Turn   | Place    | Note
-------+----------+-------------------------------------------
     0 | D        | potatolord6000 the Hill Orc Fighter began the quest for the Orb.
     0 | D        | Reached XP level 1. HP: 19/19 MP: 1/1
     5 | D        | Killed a necromancer
    14 | D        | Reached skill level 3 in Axes
    42 | D        | Found a bloodstained altar of Trog.
    42 | D        | Found a deep blue altar of Sif Muna.
    42 | D        | Found a viscous altar of Jiyva.
    42 | D        | Found a hazy altar of Hepliaklqana.
    42 | D        | Found an opulent altar of Gozag.
    42 | D        | Killed an acid blob
    43 | D        | Found a glowing golden altar of the Shining One.
    43 | D        | Found a glowing silver altar of Zin.
    43 | D        | Found a basalt altar of Yredelemnul.
    43 | D        | Found a shimmering altar of Xom.
    43 | D        | Found an ornate altar of the Wu Jian Council.
    43 | D        | Found a sacrificial altar of Ru.
    43 | D        | Found a stormy altar of Qazlal.
    43 | D        | Found an iron altar of Okawaru.
    43 | D        | Found a sparkling altar of Nemelex Xobeh.
    43 | D        | Found a burning altar of Makhleb.
    43 | D        | Found a blossoming altar of Fedhas.
    43 | D        | Found a white marble altar of Elyvilon.
    43 | D        | Found a shadowy altar of Dithmenos.
    43 | D        | Found a snail-covered altar of Cheibriados.
    47 | D        | Found a roughly hewn altar of Beogh.
    47 | D        | Found a corrupted altar of Lugonu.
    47 | D        | Found a radiant altar of Vehumet.
    48 | D        | Found a shattered altar of Ashenzari.
    48 | D        | Found an ancient bone altar of Kikubaaqudgha.
    48 | D        | Found a hide-covered altar of Uskayaw.
    50 | D        | Became a worshipper of Gozag Ym Sagoz the Greedy
    82 | D        | Reached XP level 2. HP: 18/28 MP: 2/2
    99 | D        | Noticed a floating eye
   101 | D        | Paralysed by a floating eye for 4 turns
   102 | D        | Killed a golden dragon
   107 | D        | Reached skill level 4 in Axes
   108 | D        | Reached skill level 5 in Fighting
   108 | D        | Reached skill level 5 in Axes
   108 | D        | Reached skill level 5 in Armour
   108 | D        | Reached skill level 5 in Shields
   108 | D        | Reached XP level 3. HP: 6/36 MP: 3/3
   108 | D        | Killed a floating eye
   108 | D        | Reached skill level 7 in Axes
   108 | D        | Reached XP level 4. HP: 8/47 MP: 4/4
   108 | D        | Reached XP level 5. HP: 9/52 MP: 5/5
   412 | D        | Noticed a porcupine
   419 | D        | Reached skill level 8 in Axes
   425 | D        | Reached XP level 6. HP: 55/61 MP: 6/6
   430 | D        | Reached skill level 9 in Axes
   438 | D        | Killed a porcupine
   438 | D        | Reached skill level 10 in Axes
   438 | D        | Reached XP level 7. HP: 55/70 MP: 7/7
   448 | D        | Reached skill level 10 in Fighting
   483 | D        | Bought a +1 hat for 176 gold pieces
   483 | D        | Bought a +0 cloak of magic resistance for 184 gold pieces
   501 | D        | Noticed a freezing wraith
   516 | D        | Killed a freezing wraith
   516 | D        | Reached skill level 11 in Axes
   516 | D        | Reached skill level 10 in Shields
   516 | D        | Reached XP level 8. HP: 80/81 MP: 8/8
   535 | D        | Reached skill level 10 in Armour
   549 | D        | Noticed a deep elf mage
   549 | D        | Noticed a polar bear
   557 | D        | Killed a deep elf mage
   557 | D        | Reached skill level 12 in Axes
   560 | D        | Killed a polar bear
   623 | D        | Gained mutation: Your movements are slightly less encumbered by armour. (ER -2) [potion of mutation]
   623 | D        | Gained mutation: You are resistant to hostile enchantments. (MR+) [potion of mutation]
   691 | D        | Noticed a snapping turtle
   694 | D        | Reached XP level 9. HP: 87/90 MP: 9/9
   703 | D        | Reached skill level 13 in Axes
   738 | D        | Noticed a cyclops
   738 | D        | Noticed Harold
   750 | D        | Killed Harold
   750 | D        | Reached skill level 14 in Axes
   753 | D        | Killed a cyclops
   867 | D        | Noticed a harpy
   867 | D        | Noticed a harpy
   867 | D        | Noticed a harpy
   869 | D        | Paralysed by a floating eye for 2 turns
   876 | D        | Reached XP level 10. HP: 82/101 MP: 10/10
   879 | D        | Killed a harpy
   880 | D        | Killed a harpy
   882 | D        | Killed a harpy
   882 | D        | Reached skill level 15 in Axes
   901 | D        | Bought a scroll of enchant armour for 105 gold pieces
   901 | D        | Bought a scroll of identify for 28 gold pieces
   901 | D        | Bought a scroll of identify for 28 gold pieces
   901 | D        | Bought a scroll of identify for 28 gold pieces
   989 | D        | Noticed a death yak
  1010 | D        | Killed a death yak
  1022 | D        | Noticed a spiny frog
  1025 | D        | Noticed Eustachio
  1036 | D        | Killed Eustachio
  1036 | D        | Killed a spiny frog
  1063 | D        | Bought a +2 pair of gloves of archery for 215 gold pieces
  1063 | D        | Bought a +1 hat of see invisible for 160 gold pieces
  1063 | D        | Bought the +4 moon troll leather armour {Spirit, Regen++ MP+5} for 545 gold pieces
  1098 | D        | Noticed a guardian serpent
  1098 | D        | Noticed an orc sorcerer
  1099 | D        | Noticed a shadow wraith
  1104 | D        | Reached skill level 15 in Fighting
  1104 | D        | Reached skill level 16 in Axes
  1106 | D        | Killed an orc sorcerer
  1106 | D        | Reached XP level 11. HP: 110/112 MP: 4/11
  1112 | D        | Killed a shadow wraith
  1131 | D        | Noticed a lindwurm
  1135 | D        | Noticed an emperor scorpion
  1152 | D        | Killed a lindwurm
  1152 | D        | Reached skill level 17 in Axes
  1155 | D        | HP: 5/114 [emperor scorpion (12)]
  1161 | D        | Reached skill level 15 in Shields
  1168 | D        | Killed an emperor scorpion
  1168 | D        | Reached skill level 15 in Armour
  1364 | D        | Bought a +3 ring of protection for 315 gold pieces
  1421 | D        | Noticed an orb spider
  1421 | D        | Noticed a deep elf death mage
  1421 | D        | Noticed Erica
  1422 | D        | Noticed a death cob
  1423 | D        | Noticed a death cob
  1435 | D        | Noticed a fire crab
  1436 | D        | Noticed an emperor scorpion
  1438 | D        | Killed a fire crab
  1438 | D        | Reached skill level 18 in Axes
  1442 | D        | Noticed a rakshasa
  1442 | D        | Killed a deep elf death mage
  1442 | D        | Reached XP level 12. HP: 123/125 MP: 12/12
  1446 | D        | Killed Erica
  1460 | D        | Killed a death cob
  1466 | D        | Killed a rakshasa
  1466 | D        | Reached skill level 19 in Axes
  1474 | D        | Killed an emperor scorpion
  1478 | D        | Noticed a vampire knight
  1480 | D        | Killed a death cob
  1505 | D        | Killed a vampire knight
  1515 | D        | Reached skill level 20 in Axes
  1530 | D        | Noticed an orc high priest
  1532 | D        | Noticed a two-headed ogre
  1537 | D        | Killed a two-headed ogre
  1537 | D        | Reached XP level 13. HP: 79/136 MP: 7/13
  1545 | D        | Got the ring of Bodily Harmony {rF+ Int+3 Dex+6}
  1760 | D        | Bought the ring of Phasing {EV+8} for 1920 gold pieces
  1904 | D        | Reached skill level 21 in Axes
  1953 | D        | Bought the +7 war axe of Evisceration {speed, Str+4 Int+4} for 900 gold pieces
  1968 | D        | Noticed an orc warlord
  1968 | D        | Noticed an orc warlord
  1969 | D        | Noticed Aizul
  1974 | D        | Noticed a vault guard
  1976 | D        | Noticed a vault guard
  1993 | D        | Reached skill level 1 in Dodging
  2006 | D        | Killed an orc warlord
  2010 | D        | Killed a vault guard
  2013 | D        | Killed a vault guard
  2026 | D        | Mangled by an orc knight

Vault maps used:
D:        pitsprint

Skill      XL: |  1  2  3  4  5  6  7  8  9 10 11 12 13 |
---------------+----------------------------------------+-----
Axes           | 3 5 7 8 10 11 12 14 16 18 20 21 | 21.8
Fighting       | 4 5 7 8 9 10 12 13 15 17 18 20 | 20.4
Shields        | 4 5 6 7 9 10 11 12 14 16 17 19 | 19.1
Armour         | 5 6 7 8 9 11 12 14 15 17 19 | 19.0
Dodging        | 3 |  3.7

Action                   |  1- 3 |  4- 6 |  7- 9 | 10-12 | 13-15 || total
-------------------------+-------+-------+-------+-------+-------++-------
Melee: War axe           |    14 |    30 |    52 |       |    47 ||   143
       Broad axe         |       |       |    36 |   208 |    70 ||   314
Invok: Potion Petition   |       |     1 |       |     1 |     1 ||     3
       Call Merchant     |       |       |     1 |     3 |     1 ||     5
  Use: Potion            |     2 |       |     7 |     7 |    11 ||    27
       Scroll            |       |       |       |     5 |       ||     5
 Stab: Distracted        |       |       |       |     4 |       ||     4
  Eat: Meat ration       |       |     2 |       |       |       ||     2
Armor: Scale mail        |     9 |       |       |       |       ||     9
       Plate armour      |       |    16 |    57 |    22 |       ||    95
       Troll leather arm |       |       |       |    46 |    24 ||    70
Dodge: Dodged            |     7 |     9 |    34 |   146 |    85 ||   281
Block: Shield            |    14 |    22 |    68 |   177 |   129 ||   410
